Map: [ESL] Oceanborn

Players

Dolan

  • Race: Terran Terran
  • Spawn Location: 5:00

Cyan - Winner!

  • Race: Protoss Protoss
  • Spawn Location: 11:00

Event: ESL Spring 2024 Finals

VOD

Have the link to the VOD?

Description

Time

  • Played on: May 31, 2024, 5:25 p.m.
  • Length: 8:39

All games in this series

Show
View Real Time Build Order
Export as new Build Order

Dolan Terran 

Build Orders:  

Get SALT Encoding   

  12  0:00  SCV  
  13  0:12  SCV  
  14  0:17  Supply Depot  
  14  0:24  SCV  
  15  0:39  SCV  
  15  0:40  Barracks  
  16  0:45  Refinery  
  16  0:51  SCV  
  16  0:54  Refinery  
  17  1:04  SCV  
  18  1:16  SCV  
  19  1:27  Reaper  
  19  1:28  Orbital Command  
  20  1:45  Factory  
  20  1:49  Supply Depot  
  20  1:56  Ghost Academy  
  20  2:00  SCV  
  21  2:04  Barracks Tech Lab  
  21  2:18  SCV  
  22  2:26  Personal Cloaking  
  22  2:32  Hellion  
  22  2:34  SCV  
  25  2:46  SCV, Ghost  
  25  2:49  Supply Depot  
  28  2:54  Factory Tech Lab  
  28  3:03  SCV  
  29  3:17  Ghost  
  31  3:33  Command Center  
  31  3:45  Siege Tank  
  32  3:51  SCV  
  32  3:55  Barracks  
  32  4:04  SCV  
  32  4:05  Barracks  
  33  4:16  SCV  
  34  4:25  Siege Tank  
  34  4:28  SCV  
  38  4:41  SCV  
  38  4:43  Barracks Reactor  
  40  4:46  Orbital Command  
  40  4:49  Bunker  
  40  4:52  Barracks Tech Lab  
  39  4:53  SCV  
  39  4:59  Siege Tank  
  43  5:05  SCV  
  44  5:08  Barracks Tech Lab  
  44  5:11  Supply Depot  
  44  5:12  SCV  
  45  5:17  SCV  
  46  5:24  SCV  
  47  5:29  SCV, Marine x2, Marauder x2  
  54  5:36  SCV  
  54  5:40  Engineering Bay  
  54  5:41  SCV  
  56  5:43  Refinery  
  56  5:48  SCV  
  56  5:49  Starport, Factory Reactor  
  57  5:54  Supply Depot  
  57  5:56  SCV  
  58  6:00  SCV  
  58  6:04  Marine x4  
  56  6:11  SCV  
  56  6:12  SCV  
  56  6:13  Stimpack  
  58  6:20  Terran Infantry Weapons Level 1  
  58  6:23  SCV  
  58  6:24  SCV  
  60  6:29  Command Center  
  60  6:36  SCV  
  60  6:37  SCV  
  62  6:41  Barracks Tech Lab, Marine x3, Refinery  
  64  6:52  SCV x2  
  61  7:02  Siege Tank  
  61  7:03  Marine x4, Refinery  
  61  7:04  SCV x2  
  70  7:14  Supply Depot, Medivac x2  
  74  7:16  SCV x2  
  74  7:17  Barracks  
  74  7:21  Barracks  
  75  7:31  SCV x2  
  75  7:34  Siege Tank  
  77  7:43  SCV x2  
  77  7:44  Viking x2  
  77  7:47  Supply Depot  
  77  7:48  Marine x2, Marauder x2  
  87  7:52  Orbital Command  
  84  8:06  SCV x2  
  84  8:10  Barracks Tech Lab, Barracks Reactor  
  86  8:18  SCV x2, Marine x2  
Show
View Real Time Build Order
Export as new Build Order

Cyan Protoss - Winner!

Build Orders: 1 Gate Expand, Zealot Archon 

Get SALT Encoding   

  12  0:00  Probe  
  13  0:12  Probe  
  14  0:17  Pylon  
  14  0:24  Probe (Chrono Boost)  
  15  0:36  Gateway, Probe (Chrono Boost)  
  16  0:44  Probe (Chrono Boost)  
  16  0:47  Assimilator  
  17  0:51  Probe  
  18  1:03  Probe  
  19  1:15  Probe  
  20  1:24  Cybernetics Core  
  20  1:25  Zealot  
  22  1:38  Nexus  
  22  1:44  Pylon  
  22  1:51  Probe  
  23  1:56  Assimilator  
  23  2:00  Adept (Chrono Boost)  
  23  2:02  Warp Gate  
  23  2:06  Probe  
  26  2:19  Probe  
  26  2:22  Adept  
  28  2:32  Probe  
  28  2:33  Shield Battery  
  29  2:42  Robotics Facility  
  29  2:44  Probe  
  30  2:52  Stalker, Probe  
  30  2:56  Probe  
  34  3:04  Probe (Chrono Boost)  
  35  3:09  Gateway  
  35  3:13  Probe (Chrono Boost)  
  35  3:16  Probe (Chrono Boost)  
  37  3:23  Probe (Chrono Boost)  
  37  3:24  Probe (Chrono Boost)  
  39  3:28  Probe (Chrono Boost)  
  39  3:29  Observer  
  39  3:31  Probe  
  39  3:33  Pylon  
  42  3:38  Gateway  
  42  3:39  Probe  
  43  3:48  Immortal (Chrono Boost)  
  43  3:55  Probe x2  
  47  3:58  Gateway  
  47  4:03  Stalker  
  47  4:07  Sentry  
  51  4:11  Pylon  
  51  4:15  Probe  
  51  4:16  Probe  
  53  4:27  Pylon, Immortal (Chrono Boost)  
  53  4:28  Probe  
  53  4:30  Probe  
  59  4:36  Assimilator  
  59  4:37  Assimilator  
  59  4:39  Pylon  
  59  4:43  Probe x2  
  61  4:46  Twilight Council  
  61  4:50  Sentry  
  63  4:53  Pylon  
  63  4:55  Probe  
  63  4:57  Warp Prism (Chrono Boost)  
  64  5:02  Probe  
  67  5:11  Stalker  
  67  5:13  Charge  
  69  5:21  Probe  
  69  5:26  Nexus, Observer  
  71  5:32  Probe  
  71  5:33  Probe  
  71  5:34  Pylon  
  73  5:43  Observer  
  73  5:44  Probe  
  73  5:47  Stalker x2  
  79  5:51  Forge  
  79  5:52  Probe  
  80  6:03  Probe  
  77  6:13  Gateway  
  77  6:14  Gateway  
  77  6:15  Gateway  
  77  6:17  Protoss Ground Armor Level 1 (Chrono Boost)  
  77  6:20  Gateway  
  77  6:21  Gateway  
  77  6:24  Probe x2  
  79  6:35  Shield Battery  
  79  6:38  Probe (Chrono Boost)  
  79  6:39  Probe (Chrono Boost)  
  82  6:41  Templar Archives, Probe (Chrono Boost)  
  82  6:44  Immortal  
  86  6:49  Probe (Chrono Boost)  
  86  6:50  Probe (Chrono Boost)  
  86  6:51  Probe (Chrono Boost)  
  89  6:54  Probe  
  89  6:59  Probe  
  89  7:01  Probe  
  92  7:06  Pylon  
  92  7:07  Assimilator, Pylon, Probe  
  93  7:11  Assimilator, Probe  
  93  7:13  Probe  
  95  7:17  High Templar x3  
  95  7:20  Zealot x3, High Templar  
  109  7:23  Archon  
  109  7:24  Archon  
  109  7:26  Probe  
  110  7:30  Zealot x2  
  114  7:40  Probe  
  114  7:43  Colossus  
  115  7:46  High Templar  
  115  7:47  Zealot, High Templar  
  115  7:50  Nexus  
  115  7:51  Pylon  
  121  7:52  Archon  
  121  7:54  Pylon  
  121  7:55  Probe x2  
  121  7:58  Forge  
  123  7:59  Robotics Bay, Pylon  
  123  8:01  Observer  
  124  8:10  Pylon  
  124  8:13  Pylon  
  124  8:15  Pylon  
  124  8:19  Zealot x6  
  136  8:24  Zealot x2  
  136  8:26  Zealot  
Tags
 
Add a new tag
Caveats
  • Supply blocks, unpowered buildings, or Contaminate may cause inaccurate times.
  • Supply counts are checked every 10 seconds.